 Dungeon Crawl Stone Soup version 0.28.0-47-ge53b351184 (webtiles) character file.

Game seed: 4811088658748835372

100 GigaChad the Covered (level 4, 0/38 HPs)
             Began as a Barachi Fighter on Apr 27, 2022.
             Was a Believer of Elyvilon.
             Slain by an orc
             ... wielding a +0 dagger
              (2 damage)
             ... on level 4 of the Dungeon on Apr 28, 2022.
             The game lasted 00:05:57 (2128 turns).

GigaChad the Covered (Barachi Fighter)              Turns: 2128, Time: 00:05:57

Health: 0/38       AC:  8    Str: 18    XL:     4   Next: 73%
Magic:  4/4        EV:  9    Int:  8    God:    Elyvilon [**....]
Gold:   132        SH:  0    Dex: 13    Spells: 3/3 levels left

rFire   . . .      SeeInvis .   a - +0 long sword (freeze)
rCold   . . .      Faith    .   c - +0 buckler
rNeg    . . .      Spirit   .   b - +1 scale mail
rPois   .          Reflect  .   (no helmet)
rElec   .          Harm     .   (no cloak)
rCorr   .          Rampage  .   (no gloves)
Will    .....                   (no boots)
Stlth   ..........              (no amulet)
HPRegen 0.12/turn               (no ring)
MPRegen 0.09/turn               (no ring)

@: confused, slow
A: amphibious, slowness 1, strong legs 1, +LOS
a: Hop, Renounce Religion, Purification, Heal Other


You were on level 4 of the Dungeon.
You worshipped Elyvilon.
Elyvilon was pleased with you.
You visited 1 branch of the dungeon, and saw 4 of its levels.

You collected 132 gold pieces.

Inventory:

Hand Weapons
 a - a +0 long sword of freezing (weapon)
 k - a +0 mace of protection
Missiles
 l - a boomerang
Armour
 b - a +1 scale mail (worn)
 c - a +0 buckler (worn)
Potions
 d - a potion of might
 e - a potion of curing {unknown}
 f - a potion of heal wounds {unknown}
 g - a potion of attraction {unknown}
 h - 2 potions of flight {unknown}
 i - a potion of ambrosia {unknown}
 j - a potion of degeneration {unknown}


   Skills:
 + Level 4.3 Fighting
 + Level 3.4 Long Blades
 + Level 4.6 Armour
 + Level 0.4 Dodging
 + Level 4.0 Shields


You had 3 spell levels left.
You didn't know any spells.
Your spell library contained the following spells:

 Spells                   Type           Power      Damage    Failure   Level
 Summon Small Mammal      Summ           0%         N/A       86%         1
 Call Canine Familiar     Summ           0%         N/A       99%         3
 Summon Guardian Golem    Hex/Summ       0%         N/A       99%         3


Dungeon Overview and Level Annotations

Branches:
Dungeon (4/15)
 Temple: D:4-7

Altars:
Elyvilon
Fedhas
Trog


Innate Abilities, Weirdness & Mutations

You are amphibious.
You cover ground slowly.
You can hop short distances.
You have an extended range of vision and can be seen from far away.


Message History

* * * LOW HITPOINT WARNING * * *
The adder closely misses you.
You closely miss the adder.
The adder is moderately wounded.
You feel sick.
You are no longer poisoned.
You block the orc's attack. The orc wizard closely misses you.
The adder bites you.
* * * LOW HITPOINT WARNING * * *
The orc hits you but does no damage.
The orc wizard gestures at you while chanting.
You are confused.
You slash the adder! You freeze the adder.
You kill the adder!
The orc closely misses you.
You bump into the rock wall.
The orc hits you but does no damage. The orc wizard misses you.
The orc barely misses you.
You bump into the rock wall.
The orc hits you with a +0 dagger.
* * * LOW HITPOINT WARNING * * *
The orc wizard barely misses you. The orc hits you with a +0 flail.
* * * LOW HITPOINT WARNING * * *
Unknown command.
You bump into the rock wall.
The orc barely misses you.
The orc wizard points at you and mumbles some strange words.
The magic dart hits you! Elyvilon protects you from harm!
The orc barely misses you.
You can't go up here!
The orc hits you but does no damage.
The orc wizard gestures at you while chanting.
You are more confused.
The orc hits you but does no damage.
In your confused state, you trip and fall down the stairs.
* * * LOW HITPOINT WARNING * * *
You climb downwards.
You hear the sound of rushing water.
There is an entrance to a sewer on this level.
Hurry and find it before the portal rusts away!
There is a stone staircase leading up here.
You miss the orc. The orc hits you with a +0 dagger.
You die...

## #. # #. # ..#
#. .# #...###>
##.##### #....$
........
..$##..o#........
#......@o.......
#....##..o.......
.. #..#........
...# ######..
..## #.# #. . (


You could see an orc wizard and 2 orcs.

Vanquished Creatures
  4 adders
  A worm (D:2)
  A dart slug (D:1)
  6 orcs (D:3)
  2 ball pythons
  3 bats
  3 endoplasms
  4 giant cockroaches
  3 goblins
  2 hobgoblins
  7 jackals
  4 quokkas
  3 frilled lizards
  3 kobolds
  2 rats
48 creatures vanquished.

Notes
Turn   | Place    | Note
-------+----------+-------------------------------------------
     0 | D:1      | GigaChad the Barachi Fighter began the quest for the Orb.
     0 | D:1      | Reached XP level 1. HP: 18/18 MP: 1/1
   159 | D:1      | Reached XP level 2. HP: 21/25 MP: 2/2
   228 | D:1      | Found a faded altar of an unknown god.
   275 | D:1      | Prayed at the altar of an unknown god.
   275 | D:1      | Became a worshipper of Elyvilon the Healer
   275 | D:1      | Reached * piety under Elyvilon
  1065 | D:2      | Found a bloodstained altar of Trog.
  1092 | D:2      | Reached XP level 3. HP: 26/30 MP: 3/3
  1142 | D:2      | Reached ** piety under Elyvilon
  1673 | D:3      | Reached XP level 4. HP: 37/37 MP: 4/4
  2052 | D:3      | Found a blossoming altar of Fedhas.
  2125 | D:3      | Elyvilon protects you from harm!
  2127 | D:4      | HP: 1/38 [fell downstairs (1)]
  2128 | D:4      | Slain by an orc

Illustrated notes

Levels and vault maps discovered:
D:1:      wander_arrival_chamber, layout_loops_ring,
          shapermc_ecumenical_altar_pompeii, kennysheep_nondescript,
          hangedman_abyss_or_decor_stabs
D:2:      layout_basic, basic_altar
D:3:      layout_basic, lemuel_crystal_altar, chequers_serial_rivers_micro_c,
          chequers_serial_rivers_small_b, moated_statue
D:4:      layout_rooms, portal_sewer_entry_d, lemuel_another_geyser,
          uniq_crazy_yiuf_cottage

Skill      XL: |  1  2  3  4 |
---------------+-------------+-----
Fighting       | 4 |  4.3
Armour         | 4 |  4.6
Long Blades    | 3 |  3.4
Shields        | 4 |  4.0
Dodging        | |  0.4

Action                   |  1- 3 |  4- 6 || total
-------------------------+-------+-------++-------
Melee: Long sword        |    87 |    55 ||   142
  Use: Scroll            |       |     3 ||     3
Armor: Scale mail        |    68 |    58 ||   126
Dodge: Dodged            |    67 |    47 ||   114
Block: Buckler           |    24 |    26 ||    50
